 Dungeon Crawl Stone Soup version 0.23.2-30-g0e89c35649 (webtiles) character file.

Game seed: 2603194603755355081

1771 teukkam the Skirmisher (level 8, -8/71 HPs)
             Began as a Minotaur Fighter on June 13, 2019.
             Was an Elder of Vehumet.
             Killed from afar by Harold (16 damage)
             ... with a wand of acid (7)
             ... on level 7 of the Dungeon on June 14, 2019.
             The game lasted 00:24:32 (6224 turns).

teukkam the Skirmisher (Minotaur Fighter)           Turns: 6224, Time: 00:24:32

Health: -8/71      AC:  0    Str: 22    XL:     8   Next: 80%
Magic:  8/10       EV:  5    Int:  5    God:    Vehumet [****..]
Gold:   324        SH:  0    Dex: 11    Spells: 4/11 levels left

rFire    . . .     SeeInvis .   a - +3 spear (venom)
rCold    . . .     Gourm    .   c - +0 shield
rNeg     + . .     Faith    .   x - +1 leather armour
rPois    .         Spirit   .   (helmet restricted)
rElec    .         Reflect  .   (no cloak)
rCorr    .         Harm     .   (no gloves)
MR       .....                  (no boots)
Stlth    +.........             (no amulet)
HPRegen  0.21/turn              m - ring of positive energy
MPRegen  0.12/turn              (no ring)

@: marked, corroded, very slightly contaminated, held
A: retaliatory headbutt, horns 2
a: Renounce Religion


You were on level 7 of the Dungeon.
You worshipped Vehumet.
Vehumet was greatly pleased with you.
You were not hungry.

You visited 1 branch of the dungeon, and saw 7 of its levels.
You also visited: Sewer.

You collected 324 gold pieces.

Inventory:

Hand Weapons
 a - a +3 spear of venom (weapon)
 b - a +0 hunting sling of velocity
 h - a +2 dagger of draining
 j - a +0 war axe
 C - a +2 dagger of venom
Missiles
 o - 175 stones (quivered)
 w - 3 throwing nets
 y - 12 poisoned needles
 B - 10 tomahawks
 D - 2 javelins
Armour
 c - a +0 shield (worn)
 x - a +1 leather armour (worn)
Jewellery
 m - a ring of positive energy (left hand)
Wands
 u - a wand of iceblast (8)
Scrolls
 e - 2 scrolls of fog
 k - 2 scrolls of fear
 l - 2 scrolls of enchant armour
 p - 5 scrolls of identify
 q - 2 scrolls of teleportation
 v - 2 scrolls of enchant weapon
 E - a scroll of noise {unknown}
Potions
 d - 2 potions of might
 g - a potion of cancellation
 i - a potion of lignification
 n - a potion of flight {unknown}
 r - 3 potions of haste {unknown}
 s - 3 potions of heal wounds {unknown}
 t - 2 potions of brilliance {unknown}
 z - 2 potions of resistance {unknown}
 G - a potion of magic {unknown}
Comestibles
 f - 3 rations
 F - 2 chunks of flesh


   Skills:
 + Level 6.4 Fighting
 - Level 2.7(4.2) Axes
 + Level 5.0(5.3) Polearms
 + Level 4.4 Slings
 + Level 6.4 Armour
 + Level 6.3 Shields
 + Level 2.4 Spellcasting
 + Level 2.8 Conjurations


You had 4 spell levels left.
You knew the following spells:

 Your Spells              Type           Power        Failure   Level  Hunger
a - Magic Dart            Conj           #...         12%         1    ##.....
b - Shock                 Conj/Air       #...         21%         1    ##.....
c - Searing Ray           Conj           #.....       17%         2    ###....
d - Conjure Flame         Conj/Fire      #.......     50%         3    ####...
Your spell library was empty.

Dungeon Overview and Level Annotations

Branches:
Dungeon (7/15)             Temple (0/1) D:6

Altars:
Cheibriados
Gozag
Makhleb
Vehumet

Shops:
D:4 =*   D:5 [

Annotations:
D:2 2 transporters
D:7 2 transporters, Grendash's ghost, novice MiFi; Harold


Innate Abilities, Weirdness & Mutations

You reflexively headbutt those who attack you in melee.
You have a pair of horns on your head.


Message History

Casting: Conjure Flame (quite dangerous; 50% risk of failure)
Confirm with . or Enter, or press ? or * to list all spells.
Aiming: Searing Ray (safe; 17% risk of failure)
Press: ? - help, Shift-Dir - straight line, f - orc
Aim: an orc, wielding a +0 hand axe and wearing a +0 robe You miscast Searing Ray.
You are very lightly contaminated with residual magic.
You feel a strange surge of energy!
Harold zaps a wand.
The bolt of acid misses the orc.
The bolt of acid hits you!!
* * * LOW HITPOINT WARNING * * *
The acid corrodes you!
You are splashed with acid!
* * * LOW HITPOINT WARNING * * *
The orc throws a throwing net.
The throwing net hits you.
You become entangled in the net!
You cannot throw anything while held in a net.
You feel better.
Harold zaps a wand.
The bolt of acid hits the orc!!
The orc is splashed with acid!
The acid corrodes the orc!
The orc dies!
The bolt of acid hits you!
You die...

..#. ..... ... ....# ##
#.. ....# ##.##
###..##..(.### ....#
.....'......# #...#
######.@#....# ....#
.......).o...#
....############.####.#
.......<........@)....#
.......)#########.###.#...
.....†....................
...##############..##.###.
.......... #.....##.#
###########. #......#.#
..........#.##......#.#
..........#.##......#.#
.###.###..#.##....).#.# #


You could see Harold.

Vanquished Creatures
  An ice beast (D:6)
  A phantom (D:7)
  3 ogres
  3 bullfrogs
  2 scorpions (D:4)
  3 wights (D:6)
  3 hounds
  6 orc priests
  6 orc wizards
  A bullfrog skeleton (D:6)
  2 worker ants
  2 iguanas
  12 gnolls
  6 adders
  2 oozes
  An adder skeleton (D:6)
  5 worms
  3 dart slugs
  7 leopard geckos
  44 orcs
  3 giant cockroaches
  4 goblins (D:2)
  4 hobgoblins
  12 jackals
  11 kobolds
  3 ball pythons (Sewer)
  4 bats
  8 frilled lizards
  10 rats
  A plant (Sewer)
173 creatures vanquished.

Vanquished Creatures (others)
  An orc (D:7)
1 creature vanquished.

Grand Total: 174 creatures vanquished

Notes
Turn   | Place    | Note
-------+----------+-------------------------------------------
     0 | D:1      | teukkam the Minotaur Fighter began the quest for the Orb.
     0 | D:1      | Reached XP level 1. HP: 19/19 MP: 0/0
   182 | D:1      | Reached XP level 2. HP: 27/27 MP: 1/1
   726 | D:2      | Reached XP level 3. HP: 33/33 MP: 2/2
   735 | D:2      | Found a transporter.
   738 | D:2      | Found an opulent altar of Gozag.
   749 | D:2      | Found a transporter.
   829 | D:2      | Reached skill level 1 in Polearms
   863 | D:2      | Reached skill level 1 in Slings
   937 | D:2      | Found a faded altar of an unknown god.
   948 | D:2      | Became a worshipper of Vehumet
   948 | D:2      | Reached * piety under Vehumet
   948 | D:2      | Offered knowledge of Magic Dart by Vehumet.
   958 | D:2      | Learned a level 1 spell: Magic Dart
  1146 | D:2      | You fall through a shaft for 2 floors!
  1160 | D:4      | Reached XP level 4. HP: 35/40 MP: 3/3
  1167 | D:4      | Found Lutz's Jewellery Shop.
  1252 | D:3      | Reached XP level 5. HP: 32/47 MP: 4/4
  1256 | D:3      | Offered knowledge of Shock by Vehumet.
  1258 | D:3      | Reached ** piety under Vehumet
  1261 | D:3      | Learned a level 1 spell: Shock
  1588 | D:3      | Reached skill level 1 in Conjurations
  1834 | D:3      | Reached XP level 6. HP: 26/53 MP: 5/5
  2314 | D:3      | Found a radiant altar of Vehumet.
  2741 | D:3      | Found a burning altar of Makhleb.
  2832 | D:4      | Reached skill level 5 in Armour
  2833 | D:4      | Found Untism's General Store.
  2871 | D:4      | Reached skill level 5 in Fighting
  2871 | D:4      | Reached skill level 5 in Shields
  2959 | D:4      | Reached skill level 1 in Spellcasting
  2967 | D:4      | Offered knowledge of Searing Ray by Vehumet.
  3074 | D:4      | Reached XP level 7. HP: 9/61 MP: 7/7
  3397 | D:4      | Reached *** piety under Vehumet
  3869 | D:4      | Learned a level 2 spell: Searing Ray
  3879 | D:5      | Entered Level 5 of the Dungeon
  3989 | D:5      | Found Ownar's Armour Shoppe.
  4288 | D:7      | Noticed a hungry ghost
  4307 | D:7      | Found a transporter.
  4307 | D:7      | Noticed Grendash's ghost (novice MiFi)
  4307 | D:7      | Noticed a wraith
  4312 | D:7      | Found a transporter.
  4312 | D:7      | Noticed a hungry ghost
  4388 | D:6      | Reached XP level 8. HP: 48/70 MP: 9/9
  4395 | D:6      | Offered knowledge of Conjure Flame by Vehumet.
  4400 | D:6      | Learned a level 3 spell: Conjure Flame
  4556 | D:6      | Found a glowing drain.
  4564 | Sewer    | Entered a sewer
  5349 | D:6      | Reached **** piety under Vehumet
  5466 | D:6      | Offered knowledge of Venom Bolt by Vehumet.
  5525 | D:6      | Found a staircase to the Ecumenical Temple.
  5651 | D:6      | Found a snail-covered altar of Cheibriados.
  6213 | D:7      | Noticed Harold
  6222 | D:7      | Reached skill level 5 in Polearms
  6223 | D:7      | HP: 1/71 [acid (14)]
  6224 | D:7      | Killed from afar by Harold

Skill      XL: |  1  2  3  4  5  6  7  8 |
---------------+-------------------------+-----
Armour         | 4 5 6 |  6.4
Shields        | 4 5 6 |  6.3
Fighting       | 4 5 6 |  6.4
Polearms       | 1 2 3 4 5 |  5.0
Slings         | 1 2 3 4 |  4.4
Conjurations   | 1 2 |  2.8
Spellcasting   | 1 2 |  2.4
Axes           | |  2.7

Action                   |  1- 3 |  4- 6 |  7- 9 || total
-------------------------+-------+-------+-------++-------
Melee: War axe           |     9 |       |       ||     9
       Spear             |    78 |   142 |   203 ||   423
       Headbutt          |    10 |    25 |    39 ||    74
 Fire: Hunting sling     |     2 |    13 |    18 ||    33
 Cast: Magic Dart        |       |       |     1 ||     1
       Conjure Flame     |       |       |     5 ||     5
Evoke: Wand              |       |     3 |       ||     3
  Use: Potion            |       |     2 |     5 ||     7
       Scroll            |       |       |     9 ||     9
  Eat: Chunk             |     1 |     6 |     2 ||     9
       Ration            |       |       |     3 ||     3
Armor: Scale mail        |    26 |    29 |       ||    55
       Leather armour    |       |     6 |    16 ||    22
       Skin              |       |       |     2 ||     2
Dodge: Dodged            |    17 |    35 |    42 ||    94
Block: Shield            |    30 |    63 |    75 ||   168
